 Dungeon Crawl Stone Soup version 0.31-a0-435-g2c6fae2916 (webtiles) character file.

Game seed: 8699463883084282572

86 bobarctor the Gusty (level 4, -1/24 HPs)
             Began as a Tengu Air Elementalist on Aug 2, 2023.
             Was an Initiate of Gozag.
             Slain by an ice beast (14 damage)
             ... on level 3 of the Dungeon.
             The game lasted 00:09:35 (1800 turns).

bobarctor the Gusty (Tengu Air Elementalist)        Turns: 1800, Time: 00:09:37

Health: -1/24      AC:  2    Str:  8    XL:     4   Next: 49%
Magic:  9/9        EV: 12    Int: 15    God:    Gozag
Gold:   219        SH:  0    Dex: 17    Spells: 2/9 levels left

rFire   . . .        g - +0 war axe
rCold   . . .        (no shield)
rNeg    . . .        a - +0 robe
rPois   .            (helmet restricted)
rElec   .            h - scarf {shadows}
rCorr   .            (no gloves)
SInv    .            (boots unavailable)
Will    .....        l - amulet of magic regeneration
Stlth   ++           (no ring)
HPRegen 0.24/turn    (no ring)
MPRegen 0.51/turn

%: no passive effects
@: no status effects
A: beak, talons 3
a: Renounce Religion, Potion Petition, Call Merchant, Bribe Branch


You were on level 3 of the Dungeon.
You worshipped Gozag.
Gozag was aware of your devotion.
You visited 1 branch of the dungeon, and saw 3 of its levels.

You collected 219 gold pieces.

Inventory:

Hand Weapons
 c - a +0 club
 g - a +0 war axe (weapon)
Missiles
 d - 13 stones
Armour
 a - a +0 robe (worn)
 h - a scarf of shadows (worn)
Magical Staves
 o - a staff of cold
Jewellery
 l - an amulet of magic regeneration (around neck)
Scrolls
 j - a scroll of teleportation {unknown}
 n - a scroll of fog {unknown}
 p - a scroll of revelation {unknown}
Potions
 b - a potion of magic
 e - 2 potions of brilliance {unknown}
 f - a potion of might {unknown}
 i - a potion of lignification {unknown}
 k - a potion of haste {unknown}
 m - a potion of resistance {unknown}


   Skills:
 + Level 2.3 Dodging
 + Level 2.4 Stealth
 * Level 3.0 Spellcasting
 + Level 2.2 Conjurations
 + Level 5.2 Air Magic


You had 2 spell levels left.
You knew the following spells:

 Your Spells              Type           Power      Damage    Failure   Level
a - Shock                 Conj/Air       52%        1d6       4%          1
b - Static Discharge      Conj/Air       26%        2-4/arc   7%          2
c - Swiftness             Air            17%        N/A       7%          3
d - Sting                 Tmut/Pois      8%         1d3       21%         1

Your spell library contained the following spells:

 Spells                   Type           Power      Damage    Failure   Level
 Poisonous Vapours        Pois/Air       20%        N/A       11%         2
 Airstrike                Air            8%         2d(2-18)  24%         4
 Olgreb's Toxic Radiance  Pois           2%         N/A       89%         4


Dungeon Overview and Level Annotations

Branches:
Dungeon (3/15)

Altars:
Gozag

Annotations:
D:2 Natasha


Innate Abilities, Weirdness & Mutations

You have a beak for a mouth.
You have claws for feet.


Message History

The ice beast is lightly wounded.
The zap misses the goblin.
A ball python comes into view.
Casting: Shock (safe; 4% risk of failure)
Confirm with . or Enter, or press ? or * to list all spells.
You can't see any susceptible monsters within range! (Use Z to cast anyway.)
Casting: Shock (safe; 4% risk of failure)
Confirm with . or Enter, or press ? or * to list all spells.
Aiming: Shock (safe; 4% risk of failure)
Press: ? - help, Shift-Dir - straight line, f/p - ice beast
Aim: an ice beast (lightly wounded, 68% to hit)
Okay, then.
Casting: Shock (safe; 4% risk of failure)
Confirm with . or Enter, or press ? or * to list all spells.
Aiming: Shock (safe; 4% risk of failure)
Press: ? - help, Shift-Dir - straight line, f/p - ice beast
Aim: an ice beast (lightly wounded, 68% to hit)
The zap hits the ice beast.
The ice beast is lightly wounded.
The zap hits the goblin.
The goblin is moderately wounded.
The zap hits the ball python.
The ball python is severely wounded.
The ball python hisses angrily.
You hit the ice beast but do no damage.
The ice beast is lightly wounded.
The ice beast barely misses you. The ice beast hits you.
The ice beast freezes you.
You hit the ice beast.
You claw the ice beast, but do no damage.
You peck the ice beast.
The ice beast is moderately wounded.
The ice beast hits you but does no damage.
You closely miss the ice beast.
The ice beast is moderately wounded.
The ice beast hits you but does no damage.
The ice beast hits you. The ice beast freezes you!
Ouch! That really hurt!
You die...
Your body crumbles into a pile of gold.

#######.#.###..#.#
#.# ....# #..#.#
#.# .#### #..#.#
#.# . #..#.# #.#
#.)#.# #)#
#..#.#########.##
#..#............#
#..##############
#@...... #Y######
#g# #g# .S. #.!.#
#...# #.).# #...#


You could see an ice beast, 2 goblins and a ball python.

Vanquished Creatures
  Natasha (twice) (D:2)
  3 bats
  2 endoplasms
  2 giant cockroaches
  8 goblins
  5 hobgoblins (D:1)
  A quokka (D:2)
  4 ball pythons
  2 frilled lizards
  2 kobolds
  2 rats (D:1)
33 creatures vanquished.

Notes
Turn   | Place    | Note
-------+----------+-------------------------------------------
     0 | D:1      | bobarctor the Tengu Air Elementalist began the quest for
                  | the Orb.
     0 | D:1      | Reached XP level 1. HP: 10/10 MP: 4/4
   178 | D:1      | Reached XP level 2. HP: 15/15 MP: 3/6
   181 | D:1      | Learned a level 2 spell: Static Discharge
   565 | D:1      | Found a faded altar of an unknown god.
   573 | D:1      | Prayed at the altar of an unknown god.
   573 | D:1      | Became a worshipper of Gozag Ym Sagoz the Greedy
  1292 | D:2      | Noticed Natasha
  1301 | D:2      | Killed Natasha
  1302 | D:2      | Reached skill level 5 in Air Magic
  1302 | D:2      | Reached XP level 3. HP: 9/19 MP: 3/7
  1378 | D:2      | Learned a level 3 spell: Swiftness
  1380 | D:2      | Learned a level 1 spell: Sting
  1383 | D:2      | Noticed Natasha
  1389 | D:2      | Killed Natasha
  1390 | D:2      | Reached XP level 4. HP: 5/24 MP: 4/9
  1504 | D:2      | Noticed Natasha
  1792 | D:3      | Noticed an ice beast
  1800 | D:3      | Slain by an ice beast

Illustrated notes

Levels and vault maps discovered:
D:1:      doesnt_arrival_eight_statues, layout_loops_corners,
          shapermc_ecumenical_altar_venn
D:2:      layout_rooms, uniq_natasha
D:3:      layout_basic

Skill      XL: |  1  2  3  4 |
---------------+-------------+-----
Air Magic      | 5 |  5.2
Spellcasting   | 3 |  3.0
Conjurations   | 2 |  2.2
Dodging        | |  2.3
Stealth        | |  2.4

Action                     |  1- 3 |  4- 6 || total
---------------------------+-------+-------++-------
  Melee: Unarmed           |     2 |     2 ||     4
         Kick              |     5 |     1 ||     6
         War axe           |     5 |     5 ||    10
         Club              |     5 |       ||     5
         Peck              |     2 |     2 ||     4
   Cast: Shock             |    46 |    20 ||    66
   Stab: Sleeping          |     1 |     1 ||     2
 Armour: Robe              |     2 |     3 ||     5
  Dodge: Dodged            |     8 |     5 ||    13

Table legend: (Time is in decaauts)
 A = Elapsed time spent in this place.
 B = Non-inter-level travel time spent in this place.
 C = Inter-level travel time spent in this place.
 D = Time resting spent in this place.
 E = Time spent auto-exploring this place.
 F = Levels seen in this place.
 G = Mean time per level.
                   A        B        C        D        E       F      G
               +--------+--------+--------+--------+--------+-----+--------+
         Total |   1800 |   1776 |     24 |    274 |   1211 |   3 |  600.0 |
       Dungeon |   1800 |   1776 |     24 |    274 |   1211 |   3 |  600.0 |
               +--------+--------+--------+--------+--------+-----+--------+

Top non-repeatable levels by time:
     D:1: 1292 daAuts
     D:3: 282 daAuts
     D:2: 225 daAuts
